 Dungeon Crawl Stone Soup version 0.25.1-2-g60ff931df9 (webtiles) character file.

Game seed: 5825717457099870384

613 hawla the Chopper (level 7, 0/61 HPs)
             Began as a Hill Orc Monk on Sept 30, 2020.
             Succumbed to a scorpion's poison
             ... on level 4 of the Dungeon on Oct 1, 2020.
             The game lasted 00:12:10 (5405 turns).

hawla the Chopper (Hill Orc Monk)                   Turns: 5405, Time: 00:12:11

Health: 0/61       AC: 14    Str: 16      XL:     7   Next: 44%
Magic:  7/7        EV:  6    Int:  8 (10) God:
Gold:   185        SH:  0    Dex: 13      Spells: 6/6 levels left

rFire    . . .     SeeInvis .   a - +0 hand axe
rCold    . . .     Gourm    .   (no shield)
rNeg     . . .     Faith    +   b - +1 plate armour
rPois    .         Spirit   .   p - +0 helmet
rElec    .         Reflect  .   (no cloak)
rCorr    .         Harm     .   f - +0 pair of gloves
MR       .....                  (no boots)
Stlth    ..........             s - amulet of faith
HPRegen  0.20/turn              (no ring)
MPRegen  0.10/turn              (no ring)

@: lethally poisoned (0 -> -12)
A: no striking features
a: no special abilities


You were on level 4 of the Dungeon.
You were not hungry.

You visited 1 branch of the dungeon, and saw 6 of its levels.

You collected 185 gold pieces.

Inventory:

Hand Weapons
 a - a +0 hand axe (weapon)
Missiles
 n - 21 poisoned darts
 r - 7 boomerangs (quivered)
Armour
 b - a +1 plate armour (worn)
 f - a +0 pair of gloves (worn)
 p - a +0 helmet (worn)
Jewellery
 s - an amulet of faith (around neck)
 v - an uncursed ring of poison resistance {unknown}
 x - an uncursed ring of protection from magic {unknown}
Scrolls
 g - 2 scrolls of amnesia
 o - 4 scrolls of identify
 q - 2 scrolls of remove curse
Potions
 e - a potion of magic
Comestibles
 c - 8 rations
 d - 3 chunks of flesh


   Skills:
 + Level 5.0 Fighting
 + Level 7.0 Axes
 + Level 1.7 Throwing
 + Level 2.4 Armour
 + Level 4.5 Dodging
 - Level 1.5 Stealth


You had 6 spell levels left.
You didn't know any spells.
Your spell library was empty.

Dungeon Overview and Level Annotations

Branches:
Dungeon (6/15)
 Temple: D:4-7

Altars:

Annotations:
D:3 1 runed translucent door, Crazy Yiuf


Message History

You kill the scorpion!
Your Fighting skill increases to level 5!
Your Axes skill increases to level 7!
* * * LOW HITPOINT WARNING * * *
You feel sick.
There is a lethal amount of poison in your body!
Okay, then.
* * * LOW HITPOINT WARNING * * *
You feel sick.
You see here a scorpion corpse.
* * * LOW HITPOINT WARNING * * *
You feel sick.
* * * LOW HITPOINT WARNING * * *
You feel sick.
* * * LOW HITPOINT WARNING * * *
You feel sick.
* * * LOW HITPOINT WARNING * * *
You feel sick.
Found 8 gold pieces.
You die...

...# ...
...######......# ..#
......##.......# ..#####
...............##..#...#
..................#...$#
...............$.......#
##....................#
###..................#
###.......†....@.#
##....###........##
...#.###..........#
...###......#.....#
#..###...#.###....#
#...##..##.......##
#....#..###.....##
...............##
.#..#....###....


There were no monsters in sight!

Vanquished Creatures
  A bullfrog (D:6)
  A scorpion (D:4)
  A bullfrog zombie (D:4)
  2 hounds (D:5)
  A centaur skeleton (D:4)
  Jessica (D:3)
  Terence (D:3)
  3 worker ants
  A killer bee zombie (D:6)
  2 hound zombies (D:5)
  5 gnolls
  6 adders
  An ooze (D:2)
  8 leopard geckos
  6 orcs
  8 giant cockroaches
  7 goblins
  9 hobgoblins
  11 jackals
  A quokka (D:3)
  2 ball pythons
  7 bats
  4 frilled lizards
  5 kobolds
  2 quokka skeletons
  7 rats
103 creatures vanquished.

Notes
Turn   | Place    | Note
-------+----------+-------------------------------------------
     0 | D:1      | hawla the Hill Orc Monk began the quest for the Orb.
     0 | D:1      | Reached XP level 1. HP: 19/19 MP: 1/1
   184 | D:1      | Reached XP level 2. HP: 23/27 MP: 2/2
  1036 | D:1      | Reached XP level 3. HP: 27/33 MP: 3/3
  1884 | D:2      | Reached XP level 4. HP: 31/40 MP: 4/4
  1982 | D:2      | Reached skill level 5 in Axes
  2673 | D:3      | Noticed Terence
  2691 | D:3      | Killed Terence
  2771 | D:3      | Reached XP level 5. HP: 46/46 MP: 5/5
  3197 | D:3      | Noticed Jessica
  3218 | D:3      | Killed Jessica
  3366 | D:3      | Reached skill level 1 in Armour
  3559 | D:3      | Found a runed translucent door.
  3560 | D:3      | Noticed Crazy Yiuf
  4099 | D:4      | Reached XP level 6. HP: 47/53 MP: 6/6
  4241 | D:4      | Reached skill level 6 in Axes
  4624 | D:4      | You fall into a shaft and drop 2 floors!
  4756 | D:6      | Reached skill level 1 in Throwing
  4821 | D:5      | Entered Level 5 of the Dungeon
  4828 | D:5      | Reached XP level 7. HP: 17/60 MP: 7/7
  5399 | D:4      | Reached skill level 5 in Fighting
  5399 | D:4      | Reached skill level 7 in Axes
  5402 | D:4      | HP: 3/61 [poisoned by a scorpion]
  5404 | D:4      | HP: 1/61 [poisoned by a scorpion]
  5405 | D:4      | Succumbed to a scorpion's poison

Illustrated notes

Levels and vault maps discovered:
D:1:      mainiacjoe_arrival_reflecting_pool, layout_loops_ring
D:2:      layout_basic
D:3:      layout_basic, first_ration, kennysheep_generic_room_15,
          uniq_crazy_yiuf_cottage, uniq_terence, uniq_jessica
D:4:      layout_cave_pools
D:5:      layout_gridville, serial_shops, shop, gammafunk_ghost_grave,
          gup_sewer_entry_spiral, hangedman_decor_lopped, uniq_sigmund,
          uniq_pikel
D:6:      layout_rooms, corexii_shack, hangedman_decor_riveting,
          hex_intersection

Skill      XL: |  1  2  3  4  5  6  7 |
---------------+----------------------+-----
Fighting       | 4 5 |  5.0
Dodging        | 3 4 |  4.5
Axes           | 5 6 7 |  7.0
Armour         | 1 2 |  2.4
Throwing       | 1 |  1.7
Stealth        | |  1.5

Action                   |  1- 3 |  4- 6 |  7- 9 || total
-------------------------+-------+-------+-------++-------
Melee: Hand axe          |   132 |   200 |    59 ||   391
Throw: Dart              |     7 |    39 |     3 ||    49
       Boomerang         |       |       |    14 ||    14
  Use: Scroll            |     3 |     9 |     1 ||    13
       Potion            |       |     9 |     1 ||    10
 Stab: Sleeping          |     2 |     3 |       ||     5
  Eat: Chunk             |     3 |     9 |       ||    12
       Ration            |       |     1 |       ||     1
Armor: Robe              |    17 |     7 |       ||    24
       Leather armour    |       |    64 |     3 ||    67
       Skin              |       |     5 |       ||     5
       Plate armour      |       |       |    29 ||    29
Dodge: Dodged            |    89 |   209 |    17 ||   315
